Cogmind - Beta 10.2 @@@ ROGUE MODE // 2021.10.30 @ 12:25:31 Player: SURFACESEEKER Result: Destroyed by L-31 Rogue with Katana Performance ------------- Evolutions (1) 500 Regions Visited (2) 400 Robots Destroyed (17) 85 Value Destroyed (266) 266 Prototype IDs (0) 0 Alien Tech Used (0) 0 Bonus (0) 0 TOTAL SCORE: 1251 Bonus ------- None Cogmind --------- Core Integrity 0/400 Matter 300/300 Energy 100/100 System Corruption 0% Temperature Cool (0) Movement Core (300) Ox5 Location -9/Materials Parts ------- > --- POWER (1) -------- (None) > --- PROPULSION (2) --- (None) > --- UTILITY (4) ------ Large Storage Unit Seismic Analyzer Transport Network Coupler > --- WEAPON (2) ------- (None) > --- INVENTORY (10) --- Light Ion Engine Heat Sink Large Storage Unit Large Storage Unit Peak State ------------ > --- POWER ------------ Light Ion Engine > --- PROPULSION ------- Light Treads Aluminum Leg > --- UTILITY ---------- Large Storage Unit Terrain Scanner Seismic Analyzer Transport Network Coupler > --- WEAPON ----------- Assault Rifle Light Assault Rifle > --- INVENTORY -------- Light Ion Engine [Rating: 9] Favorites ----------- Power Light Ion Engine Engine Light Ion Engine Propulsion Aluminum Leg Treads Light Treads Leg Aluminum Leg Utility Seismic Analyzer Device Improved Terrain Scanner Storage Large Storage Unit Processor Seismic Analyzer Weapon Assault Rifle Energy Gun EM Pulse Gun Ballistic Gun Assault Rifle Build | -11 -10 -9 ------- Run | Scr Mat Mat Slots Evolved 2 | . . 2 Power . | . . . Propulsion . | . . . Utility 2 | . . 2 Weapon . | . . . Parts Attached 17 | 7 4 6 Power 2 | 1 1 . Engine 2 | 1 1 . Core . | . . . Reactor . | . . . Propulsion 7 | 2 1 4 Treads 1 | . . 1 Leg 6 | 2 1 3 Wheel . | . . . Hover . | . . . Flight . | . . . Utility 5 | 2 1 2 Device 2 | 1 1 . Storage 1 | . . 1 Processor 2 | 1 . 1 Hackware . | . . . Protection . | . . . Artifact . | . . . Weapon 3 | 2 1 . Energy Gun 1 | 1 . . Energy Cannon . | . . . Ballistic Gun 2 | 1 1 . Ballistic Cannon . | . . . Launcher . | . . . Special Weapon . | . . . Impact Weapon . | . . . Slashing Weapon . | . . . Piercing Weapon . | . . . Special Melee Weapon . | . . . Unidentified Prototypes . | . . . Parts Lost 11 | . 3 8 Power 2 | . 1 1 Propulsion 5 | . 1 4 Utility 1 | . . 1 Weapon 3 | . 1 2 Highest Loss Streak 3 | . 2 3 Average Slot Usage (%) 92 | . 97 82 Engine 12 | . 13 8 Treads 1 | . . 3 Leg 21 | . 26 11 Device 11 | . 14 7 Storage 3 | . . 11 Processor 16 | . 14 21 Energy Gun 5 | . 8 . Ballistic Gun 18 | . 18 17 Naked Turns . | . . . Heaviest Build 23 | 8 8 23 Greatest Support 20 | 20 20 20 Greatest Overweight (x) 2 | . . 2 Average Overweight (x) . | . . 1 Largest Inventory Capacity 10 | 4 4 10 Average Capacity 5 | 4 4 9 Most Carried 6 | 4 4 6 Average Carried 3 | 2 3 3 Final Capacity 10 | 4 4 10 Final Carried 4 | 4 4 4 Class Distribution -------------------- 73% | Mutant 16% | Scavenger-Skirmisher 7% | Scavenger-Mutant Dominant Class ---------------- Mutant | -10/Materials Scavenger-Skirmisher | -9/Materials Resources | -11 -10 -9 ----------- Run | Scr Mat Mat Matter Collected 430 | 133 204 93 Remotely . | . . . Salvage Created 446 | 83 270 93 Parts 30 | 7 19 4 Haulers Intercepted 1 | . 1 . Recyclers Shooed . | . . . Parts Field Recycled . | . . . Retrieved Matter . | . . . Parts Self-Destructed . | . . . Prevented . | . . . Kills | -11 -10 -9 ------- Run | Scr Mat Mat Combat Hostiles Destroyed 10 | . 8 2 Guns 10 | . 8 2 Classes Destroyed 6 | 2 4 . Worker 1 | 1 . . Tunneler 4 | 4 . . Hauler 1 | . 1 . Watcher 1 | . 1 . Swarmer 6 | . 6 . Grunt 4 | . 2 2 Best Kill Streak 4 | 4 4 2 Combat Bots Only 3 | . 3 2 Max Kills in Single Turn 1 | 1 1 1 Gunslinging . | . . . Exploded . | . . . Melee . | . . . Uniques/NPCs Destroyed . | . . . Combat | -11 -10 -9 -------- Run | Scr Mat Mat Damage Taken 1513 | 4 510 999 Core 569 | . 144 425 Absorbed by Shields . | . . . Core Remaining (%) 71 | 100 42 . Volleys Fired 60 | 15 32 13 Largest 2 | 2 2 2 Hottest 60 | 60 40 40 Shots Fired 92 | 17 49 26 Gun 92 | 17 49 26 Cannon . | . . . Launcher . | . . . Special . | . . . Kinetic 62 | 2 34 26 Thermal . | . . . Explosive . | . . . Electromagnetic 30 | 15 15 . Robot Hit Streak 7 | 4 6 7 Robot Miss Streak 8 | 2 8 1 Penetration Max . | . . . Secondary Targets 4 | . 3 1 Max Gunslinging Chain 1 | . 1 1 Shots Hit Robots 54 | 12 27 15 Core Hits 26 | 5 13 8 Critical Hits . | . . . Critical Kills . | . . . Critical Parts Destroyed . | . . . Melee Attacks . | . . . Impact . | . . . Slashing . | . . . Piercing . | . . . Sneak Attacks . | . . . Combat Hostiles . | . . . Follow-up Attacks . | . . . Damage Inflicted 754 | 200 368 186 Guns 646 | 166 319 161 Cannons . | . . . Explosions 80 | 34 46 . Melee . | . . . Ramming 28 | . 3 25 Kinetic 328 | 23 144 161 Thermal 80 | 34 46 . Explosive . | . . . Electromagnetic 318 | 143 175 . Impact . | . . . Slashing . | . . . Piercing . | . . . Highest Corruption . | . . . Average Corruption . | . . . Corruption Purged . | . . . Overload Shots . | . . . Overflow Damage 22 | 16 6 . Projectiles . | . . . Explosions 22 | 16 6 . Melee . | . . . Knockbacks . | . . . Impact . | . . . Kinetic . | . . . Secondary . | . . . Self-Inflicted Damage 38 | 4 31 3 Shots 2 | 1 1 . Rammed 7 | . 1 6 Targets Rammed 10 | . 1 9 Kicked 3 | . . 3 Crushed . | . . . Highest Temperature 24 | 12 24 12 Average Temperature 13 | 12 17 6 Received Heat Transfer 408 | . 42 366 Siege Activations . | . . . Robots Corrupted . | . . . Combat Hostiles . | . . . Parts Fried 2 | 1 1 . Impact Corruptions . | . . . Robots Melted . | . . . Combat Hostiles . | . . . Parts Melted . | . . . Heat Transferred 100 | 50 50 . Parts Sabotaged . | . . . Parts Stolen . | . . . Parts Stripped . | . . . Power Chain Reactions 2 | 1 1 . Missiles Intercepted . | . . . Alert | -11 -10 -9 ------- Run | Scr Mat Mat Peak Influence 171 | 25 171 116 Initial 29 | . 16 29 Average 50 | 11 49 80 Maximum Alert Level . | . . . Low Security (%) 100 | 100 100 100 Level 1 . | . . . Level 2 . | . . . Level 3 . | . . . Level 4 . | . . . Level 5 . | . . . High Security . | . . . Max Security . | . . . Squads Dispatched 2 | . . 2 Investigation 1 | . . 1 Extermination . | . . . Reinforcement 1 | . . 1 Assault . | . . . Garrison . | . . . Intercept . | . . . Construction Impeded . | . . . Haulers Reinforced . | . . . Stealth | -11 -10 -9 --------- Run | Scr Mat Mat Distress Signals 1 | . . 1 Communications Jammed . | . . . Distress Signals . | . . . Times Spotted 25 | . 14 11 Peak Tracking Total 9 | . 4 9 Tactical Retreats . | . . . Traps | -11 -10 -9 ------- Run | Scr Mat Mat Traps Triggered . | . . . Indirectly . | . . . Trap Hack Attempts . | . . . Triggered . | . . . Disarmed . | . . . Reprogrammed . | . . . Reused . | . . . Traps Extracted . | . . . Installed . | . . . Triggered . | . . . Machines | -11 -10 -9 ---------- Run | Scr Mat Mat Machines Disabled 1 | . 1 . Max in Single Turn 1 | . 1 . Machines Sabotaged . | . . . Garrisons Compromised . | . . . Overloaded Fab Kills . | . . . Fab Network Shutdowns . | . . . Hacking | -11 -10 -9 --------- Run | Scr Mat Mat Machines Accessed 5 | . 3 2 Terminals 4 | . 3 1 Fabricators . | . . . Repair Stations . | . . . Recycling Units 1 | . . 1 Scanalyzers . | . . . Garrison Access . | . . . Total Hacks 14 | . 7 7 Successful 8 | . 2 6 Failed 6 | . 5 1 Catastrophic . | . . . Database Lockouts . | . . . Manual 15 | . 7 8 Terminals 13 | . 7 6 Fabricators . | . . . Repair Stations . | . . . Recycling Units 1 | . . 1 Scanalyzers . | . . . Garrison Access . | . . . Terminal Hacks 2 | . . 2 Alert Level 1 | . . 1 Zone Layout 1 | . . 1 Fabricator Hacks . | . . . Repair Station Hacks . | . . . Recycling Unit Hacks . | . . . Scanalyzer . | . . . Garrison Access Hacks . | . . . Unauthorized Hacks 6 | . 2 4 Terminals 5 | . 2 3 Assimilate 1 | . . 1 Botnet 3 | . 2 1 Operators 1 | . . 1 Fabricators . | . . . Repair Stations . | . . . Recycling Units 1 | . . 1 Tunnel 1 | . . 1 Scanalyzers . | . . . Garrison Access . | . . . Data Cores Recovered . | . . . Used . | . . . Hacking Detections 4 | . 3 1 Full Trace Events 1 | . 1 . Feedback Events . | . . . Feedback Blocked . | . . . Robot Schematics Acquired . | . . . Robots Built . | . . . Matter . | . . . Time . | . . . Total Robot Build Rating . | . . . Part Schematics Acquired . | . . . Parts Built . | . . . Matter . | . . . Time . | . . . Total Part Build Rating . | . . . Parts Repaired . | . . . Time . | . . . Parts Recycled . | . . . Recycled Matter . | . . . Retrieved Matter . | . . . Retrieved Components . | . . . Parts Scanalyzed . | . . . Part Schematics Acquired . | . . . Parts Damaged . | . . . Bothacking | -11 -10 -9 ------------ Run | Scr Mat Mat Used RIF Installer . | . . . Robots Hacked . | . . . Non-combat . | . . . Combat . | . . . Robot Hacks Applied . | . . . Relay Couplers Released . | . . . Robots Rewired . | . . . Allies Hacked . | . . . Hacks Repelled . | . . . Allies | -11 -10 -9 -------- Run | Scr Mat Mat Total Allies . | . . . Largest Group . | . . . Highest-Rated Group . | . . . Highest-Rated Ally . | . . . Total Orders . | . . . Ally Attacks . | . . . Total Damage . | . . . Kills . | . . . Allies Corrupted . | . . . Allies Melted . | . . . Intel | -11 -10 -9 ------- Run | Scr Mat Mat Robot Analysis Total . | . . . Derelict Logs Recovered . | . . . Drone Launches . | . . . Drone Recoveries . | . . . Exploration | -11 -10 -9 ------------- Run | Scr Mat Mat Turns Passed 1156 | 239 594 323 Spaces Moved 740 | 161 423 156 Core 9 | 9 . . Treads 16 | . . 16 Legs 715 | 152 423 140 Wheels . | . . . Hover . | . . . Flight . | . . . Fastest Speed 50 | 50 120 120 Average Speed 129 | 116 120 166 Slowest Speed 180 | 120 120 180 Overloaded Moves . | . . . Propulsion Burnouts . | . . . Robots Hopped . | . . . Cave-ins Triggered . | . . . Exploration Rate (%) 18 | 6 29 20 Regions Visited 2 Branch Regions . Pre-discovered Areas 1 | . . 1 Known Exits Taken . | . . . Unknown Exits Taken 2 | 1 1 . Scrap Searched . | . . . Spaces Dug . | . . . Terrain Destroyed 8 | 2 6 . Melee . | . . . Projectile . | . . . AOE 8 | 2 6 . Terrain Rammed . | . . . Walls Destroyed . | . . . Machines Disabled . | . . . Actions | -11 -10 -9 --------- Run | Scr Mat Mat Total 852 | 196 464 192 Wait . | . . . Move 738 | 160 422 156 Hop . | . . . Pick Up 20 | 12 2 6 Fast Attach 3 | 1 2 . Attach 13 | 6 1 6 Detach 1 | . . 1 Swap 1 | . 1 . Drop 6 | 2 3 1 Fire 60 | 15 32 13 Melee . | . . . Ram 2 | . . 2 Kick 8 | . 1 7 Crush . | . . . Escape Stasis . | . . . Rewire . | . . . Trap . | . . . Miscellaneous . | . . . Route ------- -11/Scrapyard -10/Materials -9/Materials History --------- Turn | Location | Event 5 | -11/Scrapyard | Discovered new exit (range 16) 240 | -11/Scrapyard | Entered Materials 310 | -10/Materials | Build established: Mutant 744 | -10/Materials | Discovered new exit (range 14) 775 | -10/Materials | Core integrity fell below 50% 834 | -10/Materials | Entered another Materials area 834 | -9/Materials | Evolved 2 slots: Utility x2 1125 | -9/Materials | Lost 3 parts (1p2w) 1144 | -9/Materials | Core integrity fell below 50% 1155 | -9/Materials | Core integrity fell below 20% 1157 | -9/Materials | Destroyed by L-31 Rogue with Katana Last Messages --------------- 01029_ Acquired Lrg. Storage Unit. 01054_ W-16 Scout sends out distress signal. 01054_ Terrain Scanner destroyed. 01090_ Assault Rifle destroyed. 01091_ Lgt. Assault Rifle destroyed. 01094_ Lgt. Ion Engine destroyed. 01096_ Kicked G-34 Mercenary out of the way. 01130_ Slammed into L-31 Rogue. 01130_ Aluminum Leg destroyed. 01131_ Slammed into L-31 Rogue. 01133_ Slammed into G-34 Mercenary. 01135_ Aluminum Leg destroyed. 01152_ Slammed into L-31 Rogue. 01152_ Destabilizing: System interference. 01152_ Seismic Analyzer temporarily disabled. 01152_ Transport Network Coupler temporarily disabled. 01152_ Aluminum Leg destroyed. 01153_ Slammed into G-34 Mercenary. 01153_ Destabilizing: Core damaged (-4). 01156_ Slammed into G-34 Mercenary. Map ----- +----------------------------------------------------+ | ???????????????????????????????????? | | ???????????????????????????????????? | | ???????????????????????????????????? | | ???????????????????????????????????? | | ???????????????????????????????????? | | ???????????????????????????????????? | | ???????????????????????????????????? | | ???????????????????????????????????? | | ???????????????????????#####???????? | | ?????????????????????? #???????? | | ?????????????????????"""" #???????? | | ????????????????????""""" #???????? | | ??????????????????# """"" #???????? | | ??????????????????# """"" #???????? | | ??????????????????# """"" #???????? | | ??????????????????# """"" #???????? | | ?????????#????????# """"" #???????? | | ????????????????#?# #???????? | | ???????#???####???#####+####???????? | | ???????????? #??????#% ##########? | | ????????????# #???#??#% # "" ! #? | | ????????????# ######## # ""S #? | | ?????????? ?# # "" #? | | ????????????# # """ #? | | ???? ???????# #l """ #? | | ??########### g g@g= """ #? | | ??# ## #####+## Y #g """ #? | | ??# """ ## #????? # ^^# """ #? | | ??# """ ## ##? ? ?# ^# #? | | ??# """ # ## ??# ##########? | | ? # / #?? ? # #?????????? | | ??# """ # #?????#k #?????????? | | ??# """ # #? ???# #?????????? | | ??# """ # ####??# #?"?? ????? | | ??# # !!##? ?????????? | | ??########## !## #????????? | | ??# # #? ! +????????? | | ??# """ # ## # ???????? | | ??# """ # !## ? ???????? | | ??# """ # !!#### ##????????? | | ??# + #####?# # ???????? | | ??# """ # #??##?# +??? ?????? | | ?## """ # ##?#??# # ? ????? | | ?## """ # ####### #?? ??????? | | ?## # #?????????? | | ???######### #?????????? | | ?????#####?# # ????????? | | ?#????#????## ### # "Y" ## | | ??#?????###?# ###= # #? | | ??????#???#?# #?# # #? | +----------------------------------------------------+ Best States ------------- Heat Dissipation 28 Energy Generation 10 Energy Capacity 125 Matter Stores 300 Matter Capacity 300 Sight Range 16 Terrain Scan Range 16 Terrain Scan Density 60 Evasion (%) 40 Recoil Reduction 1 Item Schematics ----------------- None Robot Schematics ------------------ None Fabricated ------------ Nothing Alien Tech Used ----------------- None Achievements -------------- root@ Challenges ------------ None Game ------ Seed SmartbombDirtyDerivative Manual? 0 Play Time 00:19:36 Cumulative 75.6 hours Start 2021.10.30 @ 12:07:46 End 2021.10.30 @ 12:25:31 Sessions 1 Manual Loads 0 Difficulty Rogue Special Mode None Game No. 67 Rogue 67 Adventurer 0 Explorer 0 Win Type - Total 0 Types 0/0/0/0/0/0/0/0/0 Lore% 27 Gallery% 44 Achievement% 27 Wizard Run 0 Options --------- ASCII 0 Keyboard 0 Movement Arrows Keybinds 0 Fullscreen 1 Font 14/Terminus Map View 72x54 Tactical HUD 1 Map Filters NONE Filters NONE Steam 1 RUN: 5de75ab0-6367-4618-b5a7-a7c31deca0fc